Map: Abyssal Reef LE

Players

lIlIIlIlIIll

  • Race: Zerg Zerg
  • League: Master
  • Spawn Location: 5:00

Railgan - Winner!

  • Race: Zerg Zerg
  • League: Grandmaster
  • Spawn Location: 11:00

VOD

Have the link to the VOD?

Description

Time

  • Played on: March 23, 2017, 5:50 p.m.
  • Length: 8:06
Show
View Real Time Build Order
Export as new Build Order

lIlIIlIlIIll Zerg 

Build Orders: Hatch First 

Get SALT Encoding   

  12  0:00  Drone  
  13  0:12  Overlord  
  13  0:17  Drone  
  14  0:30  Drone x2  
  14  0:35  Drone  
  17  0:52  Hatchery  
  17  0:56  Drone  
  17  0:59  Drone  
  17  1:02  Extractor  
  17  1:15  Spawning Pool  
  16  1:19  Drone  
  16  1:21  Drone  
  18  1:27  Drone  
  19  1:39  Overlord  
  19  2:03  Metabolic Boost, Queen  
  19  2:05  Queen  
  19  2:07  Zergling x4  
  25  2:11  Zergling x2  
  26  2:17  Zergling x4  
  28  2:23  Zergling x2  
  30  2:30  Zergling x2  
  30  2:35  Zergling x2  
  31  2:38  Overlord  
  31  2:40  Queen  
  33  2:45  Zergling x2  
  33  2:49  Zergling x2  
  35  2:54  Overlord  
  35  2:59  Zergling x2  
  36  3:15  Drone x2  
  36  3:16  Drone  
  36  3:17  Drone x5  
  42  3:26  Drone x2  
  42  3:34  Drone x2  
  40  3:44  Queen  
  40  3:45  Queen  
  40  3:48  Drone x2  
  44  3:53  Roach Warren  
  43  3:59  Zergling x2  
  44  4:03  Zergling x2  
  44  4:11  Zergling x2  
  44  4:12  Zergling x2  
  43  4:18  Zergling x4  
  43  4:36  Queen x2  
  44  4:45  Overlord  
  43  4:52  Drone  
  44  4:57  Overlord x2  
  44  4:58  Hatchery  
  43  5:06  Zergling x10  
  48  5:08  Drone x4  
  48  5:12  Drone  
  52  5:16  Drone x2  
  52  5:18  Roach Warren  
  52  5:20  Drone  
  54  5:23  Drone x2  
  54  5:27  Extractor x2, Drone  
  55  5:32  Drone x2  
  55  5:34  Overlord  
  57  5:45  Overlord  
  57  5:47  Drone x4  
  57  5:48  Evolution Chamber  
  59  5:58  Overlord  
  59  6:03  Queen  
  62  6:04  Roach x3  
  62  6:08  Roach  
  68  6:12  Roach x2  
  72  6:26  Roach x2  
  72  6:27  Drone x3  
  72  6:28  Drone  
  72  6:31  Overlord  
  80  6:35  Lair  
  80  6:42  Roach x3  
  85  6:47  Roach  
  85  6:48  Roach  
  85  6:51  Drone  
  85  6:52  Drone x2  
  91  6:56  Roach x2  
  91  6:58  Drone x2  
  97  7:03  Drone x2  
  97  7:04  Drone x2  
  97  7:07  Roach  
  103  7:11  Roach  
  103  7:14  Overlord  
  105  7:16  Overlord  
  105  7:18  Overlord  
  105  7:25  Overlord  
  105  7:32  Roach x2  
  105  7:33  Roach x2  
  105  7:34  Overlord  
  113  7:38  Roach x3  
  113  7:41  Roach x3  
  113  7:42  Roach  
Show
View Real Time Build Order
Export as new Build Order

Railgan Zerg - Winner!

Build Orders: Pool First 

Get SALT Encoding   

  12  0:00  Drone  
  13  0:13  Overlord  
  13  0:17  Drone  
  14  0:31  Drone x2  
  16  0:36  Drone  
  17  0:46  Spawning Pool  
  17  0:49  Drone  
  17  0:59  Drone  
  18  1:12  Hatchery  
  18  1:16  Extractor  
  18  1:17  Drone  
  17  1:20  Drone  
  18  1:30  Drone  
  19  1:33  Queen  
  19  1:39  Overlord  
  21  1:47  Spine Crawler  
  21  1:50  Drone  
  21  2:00  Zergling x2  
  22  2:09  Queen  
  22  2:13  Overlord  
  24  2:21  Metabolic Boost  
  25  2:23  Drone  
  25  2:24  Queen  
  25  2:29  Drone  
  29  2:36  Drone  
  30  2:38  Drone  
  30  2:42  Baneling Nest  
  30  2:44  Zergling x2  
  31  2:47  Drone  
  31  2:49  Drone  
  33  2:54  Zergling x2  
  34  2:58  Overlord  
  34  3:02  Zergling x2  
  34  3:03  Zergling x2  
  36  3:09  Zergling x4  
  38  3:18  Zergling x8  
  40  3:31  Zergling x4  
  38  3:42  Drone  
  38  3:43  Drone x2  
  38  3:48  Drone  
  42  3:52  Overlord  
  42  3:56  Hatchery  
  42  4:02  Roach Warren  
  40  4:05  Drone  
  40  4:06  Drone x2  
  40  4:09  Drone  
  42  4:12  Baneling x2  
  42  4:14  Drone  
  42  4:15  Drone  
  43  4:18  Drone  
  44  4:29  Drone  
  40  4:40  Drone x6  
  40  4:41  Drone  
  40  4:42  Lair  
  46  4:47  Baneling, Evolution Chamber, Zergling x6  
  46  4:50  Drone  
  46  4:51  Drone  
  50  4:56  Extractor  
  50  4:58  Extractor  
  50  4:59  Drone  
  49  5:05  Drone  
  50  5:09  Drone x2, Queen  
  50  5:13  Drone  
  50  5:14  Drone x3  
  56  5:16  Overlord  
  56  5:18  Overlord  
  56  5:21  Overlord  
  58  5:26  Overlord  
  58  5:35  Zergling x2  
  58  5:36  Zergling x6  
  58  5:38  Zerg Missile Weapons Level 1  
  58  5:39  Roach  
  58  5:40  Roach x2  
  58  5:41  Glial Reconstitution  
  67  5:46  Extractor, Roach  
  68  5:50  Roach x2  
  72  5:57  Roach  
  72  5:58  Roach x3  
  72  6:00  Drone  
  72  6:01  Drone  
  72  6:03  Drone  
  83  6:09  Drone x4  
  87  6:14  Drone  
  87  6:15  Overlord  
  88  6:21  Baneling x4  
  88  6:22  Roach  
  88  6:23  Overlord  
  90  6:26  Extractor, Overlord  
  90  6:29  Overlord  
  88  6:33  Overlord  
  88  6:35  Roach x4  
  88  6:36  Roach  
  91  6:48  Roach x6  
  91  6:53  Ravager  
  102  6:56  Drone x2  
  102  6:57  Drone  
  102  6:59  Roach x4  
  112  7:04  Overlord  
  112  7:05  Roach x2  
  116  7:10  Roach  
  116  7:14  Ravager x4  
  116  7:15  Overlord  
  122  7:19  Overlord  
  122  7:23  Roach x2  
  122  7:24  Roach  
  122  7:26  Drone  
  122  7:27  Drone  
  130  7:30  Extractor  
  130  7:34  Roach x2  
  133  7:37  Hatchery  
  133  7:39  Roach  
  133  7:40  Roach  
  133  7:44  Roach  
  138  7:50  Drone x3  
Tags
 
Add a new tag
Caveats
  • Supply blocks, unpowered buildings, or Contaminate may cause inaccurate times.
  • Supply counts are checked every 10 seconds.